Cogmind - Beta 14 @@@ ROGUE MODE // 2024.08.11 @ 21:45:58 Player: Sgt. SmokeWeed Result: Destroyed by G-34 Mercenary with Small Laser Performance ------------- Evolutions (1) 500 Regions Visited (4) 800 Robots Destroyed (22) 110 Value Destroyed (748) 748 Prototype IDs (0) 0 Alien Tech Used (0) 0 Bonus (126) 126 TOTAL SCORE: 2284 Bonus ------- High Alert Combat Kills 8 Follower Combat Kills 118 Cogmind --------- Core Integrity 0/400 Matter 300/300 Energy 99/100 System Corruption 0% Temperature Cool (6) Movement Core (50) Location -9/Mines Parts ------- > --- POWER (1) -------- (None) > --- PROPULSION (2) --- (None) > --- UTILITY (4) ------ Advanced Targeting Computer > --- WEAPON (2) ------- Hammer > --- INVENTORY (5) ---- Light Ion Engine Nuclear Core Nuclear Core Nuclear Core Peak State ------------ > --- POWER ------------ Nuclear Core > --- PROPULSION ------- Light Treads Light Treads > --- UTILITY ---------- Heat Sink Advanced Targeting Computer Advanced Targeting Computer Reaction Control System > --- WEAPON ----------- Heavy Particle Cannon Shock Bomb Launcher > --- INVENTORY -------- Light Ion Engine Nuclear Core Nuclear Core Nuclear Core [Rating: 22] Favorites ----------- Power Nuclear Core Engine Light Ion Engine Power Core Nuclear Core Propulsion Light Treads Treads Light Treads Utility Advanced Targeting Computer Device Heat Sink Processor Advanced Targeting Computer Weapon Heavy Particle Cannon Energy Gun Medium Laser Energy Cannon Heavy Particle Cannon Launcher Shock Bomb Launcher Impact Weapon Hammer Build | -11 -10 -10 -9 -9 ------- Run | Yrd Mat Min Mat Min Slots Evolved 2 | . . . 2 . Power . | . . . . . Propulsion . | . . . . . Utility 2 | . . . 2 . Weapon . | . . . . . Parts Attached 23 | 5 1 . 15 2 Power 4 | 1 . . 3 . Engine 1 | 1 . . . . Core 3 | . . . 3 . Reactor . | . . . . . Propulsion 5 | 2 . . 3 . Treads 5 | 2 . . 3 . Leg . | . . . . . Wheel . | . . . . . Hover . | . . . . . Flight . | . . . . . Utility 5 | . . . 5 . Device 3 | . . . 3 . Storage . | . . . . . Processor 2 | . . . 2 . Hackware . | . . . . . Protection . | . . . . . Artifact . | . . . . . Weapon 9 | 2 1 . 4 2 Energy Gun 3 | 2 . . . 1 Energy Cannon 3 | . . . 3 . Ballistic Gun . | . . . . . Ballistic Cannon . | . . . . . Launcher 2 | . 1 . 1 . Special Weapon . | . . . . . Impact Weapon 1 | . . . . 1 Slashing Weapon . | . . . . . Piercing Weapon . | . . . . . Special Melee Weapon . | . . . . . Unidentified Prototypes . | . . . . . Parts Lost 10 | . . . 2 8 Power 1 | . . . . 1 Propulsion 2 | . . . . 2 Utility 4 | . . . 1 3 Weapon 3 | . . . 1 2 Highest Loss Streak 6 | . . . 2 6 To Critical Strikes . | . . . . . Average Slot Usage (%) 73 | . 71 71 79 67 Engine 3 | . 14 14 1 . Core 6 | . . . 8 9 Treads 18 | . 28 28 20 9 Device 9 | . . . 14 10 Processor 13 | . . . 16 20 Energy Gun 5 | . 14 14 . 6 Energy Cannon 7 | . . . 9 9 Launcher 6 | . 13 14 6 . Peak Build Rating 22 | 5 5 5 22 19 Average Rating 12 | 4 5 5 17 14 On Entrance 6 | . 5 5 5 19 Naked Turns . | . . . . . Heaviest Build 21 | 6 8 8 21 15 Greatest Support 40 | 40 40 40 40 40 Greatest Overweight (x) 4 | . . . . 4 Average Overweight (x) . | . . . . . Largest Inventory Capacity 5 | 5 5 5 5 5 Average Capacity 5 | 5 5 5 5 5 Most Carried 4 | . . . 4 4 Average Carried 2 | . . . 3 4 Final Capacity 5 | 5 5 5 5 5 Final Carried 4 | . . . 4 4 Class Distribution -------------------- 100% | Mutant Dominant Class ---------------- Mutant | -10/Materials Mutant | -10/Mines Mutant | -9/Materials Mutant | -9/Mines Resources | -11 -10 -10 -9 -9 ----------- Run | Yrd Mat Min Mat Min Matter Collected 530 | 242 . . 218 70 Remotely . | . . . . . Salvage Created 977 | . 4 . 598 375 Parts 40 | . 3 . 26 11 Haulers Intercepted 1 | . . . 1 . Recyclers Shooed 1 | . . . 1 . Parts Field Recycled . | . . . . . Retrieved Matter . | . . . . . Parts Self-Destructed . | . . . . . Prevented . | . . . . . Kills | -11 -10 -10 -9 -9 ------- Run | Yrd Mat Min Mat Min Combat Hostiles Destroyed 18 | . . . 10 8 Melee 1 | . . . . 1 Guns 2 | . . . . 2 Cannons 10 | . . . 6 4 AOE 4 | . . . 4 . Classes Destroyed 6 | . 1 . 4 1 Builder 3 | . 1 . 2 . Hauler 1 | . . . 1 . Grunt 13 | . . . 7 6 Brawler 1 | . . . . 1 Duelist 2 | . . . 1 1 Sentry 2 | . . . 2 . Best Kill Streak 7 | . 1 . 7 3 Combat Bots Only 7 | . . . 7 3 Max Kills in Single Turn 2 | . 1 . 2 1 Gunslinging . | . . . . . Exploded 2 | . . . 2 . Melee 1 | . . . . 1 Uniques/NPCs Destroyed . | . . . . . Combat | -11 -10 -10 -9 -9 -------- Run | Yrd Mat Min Mat Min Hostile Shots Fired 128 | . . . 42 86 Missed 39 | . . . 13 26 Damage Taken 1276 | . 21 . 547 708 Core 409 | . . . 148 261 Absorbed by Shields . | . . . . . Core Remaining (%) 100 | 100 . 100 . . Volleys Fired 56 | . 5 . 35 16 Largest 2 | . 2 . 2 2 Hottest 115 | . 80 . 111 115 Shots Fired 78 | . 10 . 39 29 Gun 18 | . 5 . . 13 Cannon 48 | . . . 32 16 Launcher 12 | . 5 . 7 . Special . | . . . . . Kinetic . | . . . . . Thermal 66 | . 5 . 32 29 Explosive 5 | . 5 . . . Electromagnetic 7 | . . . 7 . Robot Hit Streak 16 | . 1 . 16 9 Robot Miss Streak 2 | . 1 . 2 1 Penetration Max . | . . . . . Secondary Targets . | . . . . . Shots Hit Robots 63 | . 1 . 30 32 Core Hits 31 | . 3 . 17 11 Critical Kills . | . . . . . Critical Parts Destroyed 1 | . . . . 1 Critical Strikes 1 | . . . . 1 Smash 1 | . . . . 1 Melee Attacks 16 | . . . . 16 Impact 16 | . . . . 16 Slashing . | . . . . . Piercing . | . . . . . Sneak Attacks . | . . . . . Combat Hostiles . | . . . . . Follow-up Attacks . | . . . . . Damage Inflicted 2074 | . 60 . 1310 704 Guns 136 | . 13 . . 123 Cannons 975 | . . . 650 325 Explosions 698 | . 47 . 651 . Melee 256 | . . . . 256 Ramming 9 | . . . 9 . Kinetic . | . . . . . Thermal 1144 | . 13 . 683 448 Explosive 47 | . 47 . . . Electromagnetic 618 | . . . 618 . Impact 256 | . . . . 256 Slashing . | . . . . . Piercing . | . . . . . Highest Corruption . | . . . . . Average Corruption . | . . . . . Corruption Purged . | . . . . . Corruption Blocked . | . . . . . Overload Shots . | . . . . . Overflow Damage 39 | . . . 7 32 Projectiles . | . . . . . Explosions 7 | . . . 7 . Melee 32 | . . . . 32 Knockbacks 1 | . . . 1 . Impact 1 | . . . 1 . Kinetic . | . . . . . Secondary . | . . . . . Self-Inflicted Damage 24 | . 21 . 3 . Shots 2 | . 1 . 1 . Rammed 2 | . . . 2 . Targets Rammed 2 | . . . 2 . Kicked . | . . . . . Crushed . | . . . . . Highest Temperature 342 | . 36 . 314 342 Average Temperature 94 | . 19 . 89 120 Received Heat Transfer 495 | . . . 150 345 Effects 2 | . . . . 2 Energy Bleed 1 | . . . . 1 Matter Decay 1 | . . . . 1 Siege Activations . | . . . . . Robots Corrupted 1 | . . . . 1 Combat Hostiles 1 | . . . . 1 Parts Fried 3 | . . . 2 1 Impact Corruptions 2 | . . . . 2 Robots Melted . | . . . . . Combat Hostiles . | . . . . . Parts Melted 4 | . . . 2 2 Heat Transferred 1805 | . 37 . 1012 756 Parts Sabotaged . | . . . . . Parts Stolen . | . . . . . Parts Stripped . | . . . . . Power Chain Reactions 1 | . . . 1 . Alert | -11 -10 -10 -9 -9 ------- Run | Yrd Mat Min Mat Min Peak Influence 412 | . 64 24 412 256 Initial 88 | . . 24 9 88 Average 128 | . 17 24 187 156 Maximum Alert Level 2 | . . . 2 1 Low Security (%) 67 | 100 100 100 41 75 Level 1 23 | . . . 39 24 Level 2 8 | . . . 19 . Level 3 . | . . . . . Level 4 . | . . . . . Level 5 . | . . . . . High Security . | . . . . . Max Security . | . . . . . Squads Dispatched 2 | . 1 . 1 . Investigation . | . . . . . Extermination . | . . . . . Reinforcement 2 | . 1 . 1 . Assault . | . . . . . Garrison . | . . . . . Intercept . | . . . . . Searches Triggered . | . . . . . Construction Impeded . | . . . . . Haulers Reinforced . | . . . . . Active Scanning Responses . | . . . . . Cargo Convoy Interrupts . | . . . . . Stealth | -11 -10 -10 -9 -9 --------- Run | Yrd Mat Min Mat Min Distress Signals 2 | . . . 2 . Communications Jammed . | . . . . . Distress Signals . | . . . . . Times Spotted 30 | . 1 . 18 11 Peak Tracking Total 8 | . 1 . 8 7 Tactical Retreats 1 | . . . . 1 Traps | -11 -10 -10 -9 -9 ------- Run | Yrd Mat Min Mat Min Traps Triggered 1 | . . . 1 . Indirectly . | . . . . . Trap Hack Attempts . | . . . . . Triggered . | . . . . . Disarmed . | . . . . . Reprogrammed . | . . . . . Reused . | . . . . . Traps Extracted . | . . . . . Installed . | . . . . . Triggered . | . . . . . Machines | -11 -10 -10 -9 -9 ---------- Run | Yrd Mat Min Mat Min Machines Disabled 4 | . 1 . 3 . Max in Single Turn 1 | . 1 . 1 . Machines Repaired . | . . . . . Machines Dismantled . | . . . . . Machines Sabotaged . | . . . . . Overloaded Fab Kills . | . . . . . Hacking | -11 -10 -10 -9 -9 --------- Run | Yrd Mat Min Mat Min Machines Accessed 2 | . 1 . 1 . Terminals 2 | . 1 . 1 . Fabricators . | . . . . . Repair Stations . | . . . . . Recycling Units . | . . . . . Scanalyzers . | . . . . . Garrison Access . | . . . . . Total Hacks 2 | . 1 . 1 . Successful 2 | . 1 . 1 . Failed . | . . . . . Catastrophic . | . . . . . Database Lockouts . | . . . . . Manual 2 | . 1 . 1 . Terminals 2 | . 1 . 1 . Fabricators . | . . . . . Repair Stations . | . . . . . Recycling Units . | . . . . . Scanalyzers . | . . . . . Garrison Access . | . . . . . Terminal Hacks 2 | . 1 . 1 . Branch Access Points 2 | . 1 . 1 . Fabricator Hacks . | . . . . . Repair Station Hacks . | . . . . . Recycling Unit Hacks . | . . . . . Scanalyzer . | . . . . . Garrison Access Hacks . | . . . . . Unauthorized Hacks . | . . . . . Terminals . | . . . . . Fabricators . | . . . . . Repair Stations . | . . . . . Recycling Units . | . . . . . Scanalyzers . | . . . . . Garrison Access . | . . . . . Data Cores Recovered . | . . . . . Used . | . . . . . Hacking Detections 1 | . . . 1 . Full Trace Events . | . . . . . Feedback Events . | . . . . . Feedback Blocked . | . . . . . Robot Schematics Acquired . | . . . . . Robots Built . | . . . . . Authchips . | . . . . . Time . | . . . . . Total Robot Build Rating . | . . . . . Part Schematics Acquired . | . . . . . Parts Built . | . . . . . Authchips . | . . . . . Time . | . . . . . Total Part Build Rating . | . . . . . Parts Repaired . | . . . . . Time . | . . . . . Parts Recycled . | . . . . . Recycled Matter . | . . . . . Retrieved Matter . | . . . . . Retrieved Components . | . . . . . Parts Scanalyzed . | . . . . . Part Schematics Acquired . | . . . . . Parts Damaged . | . . . . . Bothacking | -11 -10 -10 -9 -9 ------------ Run | Yrd Mat Min Mat Min Used RIF Installer . | . . . . . Robots Hacked . | . . . . . Non-combat . | . . . . . Combat . | . . . . . Robot Hacks Applied . | . . . . . Relay Couplers Released . | . . . . . Fabnet Peak Effective % . | . . . . . Robots Rewired . | . . . . . Allies Hacked . | . . . . . Hacks Repelled . | . . . . . Allies | -11 -10 -10 -9 -9 -------- Run | Yrd Mat Min Mat Min Total Allies 2 | . . 2 . . Largest Group 2 | . . 2 2 . Highest-Rated Group 42 | . . 42 42 . Highest-Rated Ally 31 | . . 31 31 . Total Orders . | . . . . . Ally Attacks 24 | . . . 24 . Total Damage 336 | . . . 336 . Kills 5 | . . . 5 . Allies Corrupted . | . . . . . Allies Melted . | . . . . . Intel | -11 -10 -10 -9 -9 ------- Run | Yrd Mat Min Mat Min Robot Analysis Total . | . . . . . Derelict Logs Recovered 2 | . . 1 . 1 Drone Launches . | . . . . . Drone Recoveries . | . . . . . Exploration | -11 -10 -10 -9 -9 ------------- Run | Yrd Mat Min Mat Min Turns Passed 1087 | 80 174 63 470 300 Spaces Moved 539 | 47 98 40 220 134 Core 21 | 1 . . . 20 Treads 518 | 46 98 40 220 114 Legs . | . . . . . Wheels . | . . . . . Hover . | . . . . . Flight . | . . . . . Fastest Speed 50 | 50 160 160 160 50 Average Speed 157 | 157 160 160 160 151 Slowest Speed 250 | 160 160 160 160 250 Overloaded Moves . | . . . . . Propulsion Burnouts . | . . . . . Robots Hopped . | . . . . . Cave-ins Triggered . | . . . . . Exploration Rate (%) 18 | 4 15 17 27 31 Regions Visited 4 Branch Regions 2 Pre-discovered Areas . | . . . . . Known Exits Taken 2 | . 1 . 1 . Unknown Exits Taken 2 | 1 . 1 . . Scrap Searched . | . . . . . Spaces Dug 25 | . 25 . . . Terrain Destroyed 52 | . 41 . 8 3 Melee . | . . . . . Projectile 6 | . . . 3 3 AOE 46 | . 41 . 5 . Terrain Rammed . | . . . . . Walls Destroyed . | . . . . . Machines Disabled . | . . . . . Actions | -11 -10 -10 -9 -9 --------- Run | Yrd Mat Min Mat Min Total 661 | 51 105 39 292 174 Wait 21 | . 1 . 14 6 Move 535 | 46 97 39 219 134 Hop . | . . . . . Pick Up 4 | . . . 4 . Fast Attach 20 | 5 1 . 12 2 Attach 1 | . . . 1 . Detach . | . . . . . Swap 2 | . . . 2 . Drop 4 | . 1 . 3 . Fire 56 | . 5 . 35 16 Melee 16 | . . . . 16 Ram . | . . . . . Kick . | . . . . . Crush 2 | . . . 2 . Escape Stasis . | . . . . . Rewire . | . . . . . Trap . | . . . . . Miscellaneous . | . . . . . Route ------- -11/Scrapyard -10/Materials -10/Mines -9/Materials -9/Mines (discovered 1 exit: [*Zio]) History --------- Turn | Location | Event 5 | -11/Scrapyard | Discovered new exit (range 16) 81 | -11/Scrapyard | Entered Materials 192 | -10/Materials | Identified exit to Mines 255 | -10/Materials | Entered Mines 292 | -10/Mines | Learned 2 Materials zone layouts 303 | -10/Mines | Discovered new exit (range 10) 307 | -10/Mines | Build established: Mutant 318 | -10/Mines | Entered Materials 318 | -9/Materials | Accompanied by 2 allies 318 | -9/Materials | Evolved 2 slots: Utility x2 323 | -9/Materials | Led the pair of lost Derelicts to an unsafe place 413 | -9/Materials | Identified exit to Mines 649 | -9/Materials | Destroyed 7 combat bots 788 | -9/Materials | Entered Mines 930 | -9/Mines | A Derelict revealed a hidden shortcut to a safe place 984 | -9/Mines | Learned Materials terminal intel 1040 | -9/Mines | Core integrity fell below 50% 1069 | -9/Mines | Core integrity fell below 20% 1083 | -9/Mines | Lost 6 parts (1p1n2u2w) 1088 | -9/Mines | Destroyed by G-34 Mercenary with Small Laser Last Messages --------------- U-05 Engineer builds a Wall. L-31 Rogue destroyed. Overheating: Matter decay (-30). R-06 Scavenger collects Aluminum Leg. Sml. Laser destroyed. Acquired Hammer. Overheating: Energy bleed (-24). Acquired 35 matter. R-06 Scavenger collects Imp. Aluminum Leg. Adv. Targeting Computer destroyed. Nuclear Core destroyed. R-06 Scavenger collects Imp. Heat Sink. Hvy. Particle Cannon destroyed. G-34 Mercenary suffers critical hit (Smash). Destroyed Ion Engine. Destroyed Aluminum Leg. G-34 Mercenary system corrupted by crushing effect. G-34 Mercenary system terminally corrupted. Aluminum Leg fried. G-34 Mercenary destroyed. Map ----- +----------------------------------------------------+ | ?????????????????????????????????????????????????? | | ?????????????????????????????????????????????????? | | ?????????????????????????????????????????????????? | | ?????????????????????????????????????????????????? | | ?????????????????????????????????????????????????? | | ?????????????????????????????????????????????????? | | ?????????????????????????????????????????????????? | | ?????????????????????????????????????????????????? | | ?????????????????????????????????????????????????? | | ?????????????????????????????????????????????????? | | ?????????????????????????????????????????????????? | | ?????????????????????????????????????????????????? | | #????????????????????????????????????????????????? | | ##???????????????????????????????????????????????? | | ????????????????????????????????????????????????? | | ?????????????????????????####????????????????????? | | ????????????????????????##=%####?????????????????? | | ????????????????????#??## ###?????????????????? | | ########?????????# ## ## ##?????????????????? | | #?????????# ##?#??????????????? | | #?????????####### # ####???????????? | | ##### #???????????????## % r #???????????? | | #???# #???????????????## %t #???????????? | | #???# ################# #### ??????? | | ????# ##???? #####???????? | | ????# % @ ##??????#???????????? | | ????############### %#g####???????????????????? | | ??????????????????# ## #??????????????????????? | | ??????????????????## ### #??????????????????????? | | ####???????????????####?# #??????????????????????? | | # ####????????????????# #??????????????????????? | | # ##???###?????????# #??????????????????????? | | #? ##?# ##????????#t#??????????????????????? | | #??# ## ##???????# #??????????????????????? | | ##### ##??????? ???????????????????????? | | #??????? ???????????????????????? | | #?????g???????????????????????? | | ###### ##### #???? ???????????????????????? | | ?????#######????????????? ???????????????????????? | | ????????????????????????? ???????????????????????? | | ????????????????????????? ???????????????????????? | | ?????????????????????????????????????????????????? | | ?????????????????????????????????????????????????? | | ?????????????????????????????????????????????????? | | ?????????????????????????????????????????????????? | | ?????????????????????????????????????????????????? | | ?????????????????????????????????????????????????? | | ?????????????????????????????????????????????????? | | ?????????????????????????????????????????????????? | | ?????????????????????????????????????????????????? | +----------------------------------------------------+ Best States ------------- Heat Dissipation 38 Energy Generation 14 Energy Capacity 240 Matter Stores 300 Matter Capacity 300 Sight Range 16 Terrain Scan Density 10 Evasion (%) 40 Targeting Accuracy 16 Recoil Reduction 2 Item Schematics ----------------- None Robot Schematics ------------------ None Fabricated ------------ Nothing Alien Tech Used ----------------- None Achievements -------------- None Challenges ------------ None Game ------ Seed SystemPointyCorpse Manual? 0 Play Time 00:08:55 Cumulative 72.0 hours Start 2024.08.11 @ 21:38:30 End 2024.08.11 @ 21:45:58 Sessions 1 Manual Loads 0 Difficulty Rogue Special Mode None Game No. 177 Rogue 102 Adventurer 75 Explorer 0 Win Type - Total 0 Types 0/0/0/0/0/0/0/0/0 Lore% 40 Gallery% 42 Achievement% 35 Wizard Run 0 Options --------- Layout 0 ASCII 0 Keyboard 0 Movement Mouse Keybinds 0 Fullscreen 1 Font 24/Smallcaps Map View 76x50 Zoom Use 0% Tactical HUD 0 Map Filters NONE Filters NONE Steam 1 RUN: d8f725d9-58f8-4aa3-9424-f2ffa9abcd4c